Cogmind - Beta 14 @@@ ROGUE MODE // 2024.09.30 @ 13:49:30 Player: CONM Result: Destroyed by G-47 Trooper with Particle Gun Performance ------------- Evolutions (2) 1000 Regions Visited (3) 600 Robots Destroyed (26) 130 Value Destroyed (601) 601 Prototype IDs (4) 80 Alien Tech Used (0) 0 Bonus (0) 0 TOTAL SCORE: 2411 Bonus ------- None Cogmind --------- Core Integrity 0/550 Matter 200/300 Energy 61/100 System Corruption 0% Temperature Hot (228) Movement Walking (120) Location -8/Materials Parts ------- > --- POWER (1) -------- (None) > --- PROPULSION (4) --- Carbon-fiber Leg Carbon-fiber Leg > --- UTILITY (4) ------ Hardened Medium Armor Plating > --- WEAPON (2) ------- Rocket Launcher > --- INVENTORY (5) ---- Hover Unit Advanced Weight Redist. System Improved Signal Interpreter Shield Generator Peak State ------------ > --- POWER ------------ Light Nuclear Core > --- PROPULSION ------- Improved Aluminum Leg Improved Aluminum Leg > --- UTILITY ---------- Medium Storage Unit Structural Scanner Improved Light Armor Plating Hacking Suite > --- WEAPON ----------- Advanced Beam Rifle Katana > --- INVENTORY -------- Light Nuclear Core Aluminum Leg Hover Unit Hover Unit Heat Sink Cooling System Advanced Weight Redist. System Improved Signal Interpreter Shield Generator Advanced Beam Cannon [Rating: 24] Favorites ----------- Power Ion Engine Engine Ion Engine Power Core Light Nuclear Core Propulsion Aluminum Leg Leg Aluminum Leg Utility Small Storage Unit Device Structural Scanner Storage Small Storage Unit Hackware Hacking Suite Protection Light Armor Plating Weapon Katana Energy Gun Medium Laser Energy Cannon Advanced Beam Cannon Ballistic Gun Assault Rifle Launcher Grenade Launcher Slashing Weapon Katana Build | -11 -10 -9 -8 ------- Run | Yrd Mat Mat Mat Slots Evolved 4 | . . 2 2 Power . | . . . . Propulsion 2 | . . . 2 Utility 2 | . . 2 . Weapon . | . . . . Parts Attached 39 | 7 2 14 16 Power 5 | 1 1 1 2 Engine 3 | 1 1 1 . Core 2 | . . . 2 Reactor . | . . . . Propulsion 8 | 2 . 3 3 Treads . | . . . . Leg 8 | 2 . 3 3 Wheel . | . . . . Hover . | . . . . Flight . | . . . . Utility 14 | 2 1 5 6 Device 8 | 1 . 3 4 Storage 2 | 1 . 1 . Processor . | . . . . Hackware 1 | . . 1 . Protection 3 | . 1 . 2 Artifact . | . . . . Weapon 12 | 2 . 5 5 Energy Gun 3 | 1 . . 2 Energy Cannon 3 | . . 2 1 Ballistic Gun 1 | 1 . . . Ballistic Cannon . | . . . . Launcher 3 | . . 2 1 Special Weapon . | . . . . Impact Weapon . | . . . . Slashing Weapon 2 | . . 1 1 Piercing Weapon . | . . . . Special Melee Weapon . | . . . . Unidentified Prototypes 2 | . . 1 1 Parts Lost 16 | . . 4 12 Power 3 | . . 1 2 Propulsion 4 | . . 1 3 Utility 4 | . . . 4 Weapon 5 | . . 2 3 Highest Loss Streak 10 | . . 4 10 To Critical Strikes . | . . . . Average Slot Usage (%) 81 | . 100 87 62 Engine 7 | . 14 10 . Core 1 | . . . 5 Leg 20 | . 28 22 14 Device 13 | . 8 17 10 Storage 10 | . 14 11 7 Hackware 4 | . . 4 6 Protection 2 | . 5 1 2 Energy Gun 4 | . 14 1 2 Energy Cannon 4 | . . 5 6 Ballistic Gun 3 | . 14 1 . Launcher 2 | . . 4 . Slashing Weapon 6 | . . 9 5 Peak Build Rating 24 | 9 10 19 24 Average Rating 12 | 5 8 13 17 On Entrance 8 | . 9 8 18 Naked Turns 31 | . . . 31 Heaviest Build 25 | 15 17 23 25 Greatest Support 32 | 20 20 32 32 Greatest Overweight (x) 3 | 1 . . 3 Average Overweight (x) . | . . . . Largest Inventory Capacity 10 | 8 8 10 10 Average Capacity 8 | 7 8 8 9 Most Carried 10 | 3 8 9 10 Average Carried 6 | 2 6 7 8 Final Capacity 10 | 8 8 10 5 Final Carried 9 | 3 8 9 4 Class Distribution -------------------- 86% | Mutant 13% | Scavenger-Mutant Dominant Class ---------------- Mutant | -10/Materials Mutant | -9/Materials Mutant | -8/Materials Resources | -11 -10 -9 -8 ----------- Run | Yrd Mat Mat Mat Matter Collected 646 | 292 35 267 52 Remotely . | . . . . Salvage Created 688 | 43 76 271 298 Parts 46 | 2 4 24 16 Haulers Intercepted 2 | . . 2 . Recyclers Shooed 5 | 1 2 2 . Parts Field Recycled . | . . . . Retrieved Matter . | . . . . Parts Self-Destructed . | . . . . Prevented . | . . . . Kills | -11 -10 -9 -8 ------- Run | Yrd Mat Mat Mat Combat Hostiles Destroyed 19 | . 2 11 6 Guns 3 | . 2 . 1 Cannons 3 | . . 3 . AOE 12 | . . 8 4 Classes Destroyed 8 | 1 1 3 3 Tunneler 2 | 2 . . . Hauler 2 | . . 2 . Recycler 2 | . . . 2 Watcher 1 | . . . 1 Swarmer 9 | . . 7 2 Grunt 8 | . 2 3 3 Duelist 1 | . . 1 . Sentry 1 | . . . 1 Best Kill Streak 8 | 1 1 8 8 Combat Bots Only 7 | . 1 7 5 Max Kills in Single Turn 7 | 1 1 3 7 Gunslinging . | . . . . Exploded 4 | . . 3 4 Melee . | . . . . Uniques/NPCs Destroyed . | . . . . Combat | -11 -10 -9 -8 -------- Run | Yrd Mat Mat Mat Hostile Shots Fired 233 | . 13 44 176 Missed 75 | . 4 15 56 Damage Taken 2433 | . 126 540 1767 Core 649 | . 26 72 551 Absorbed by Shields . | . . . . Core Remaining (%) 90 | 100 89 82 . Volleys Fired 66 | 15 9 27 15 Largest 2 | 2 2 2 2 Hottest 129 | 70 70 70 129 Shots Fired 108 | 30 18 31 29 Gun 74 | 30 18 12 14 Cannon 19 | . . 9 10 Launcher 15 | . . 10 5 Special . | . . . . Kinetic 28 | 15 9 4 . Thermal 65 | 15 9 17 24 Explosive 15 | . . 10 5 Electromagnetic . | . . . . Robot Hit Streak 16 | 6 8 16 14 Robot Miss Streak 3 | 3 1 2 2 Penetration Max . | . . . . Secondary Targets . | . . . . Shots Hit Robots 79 | 17 14 26 22 Core Hits 44 | 3 5 16 20 Critical Kills 1 | . . . 1 Critical Parts Destroyed . | . . . . Critical Strikes 4 | . . 2 2 Burn 1 | . . . 1 Meltdown 1 | . . . 1 Sever 2 | . . 2 . Melee Attacks 15 | . . 8 7 Impact . | . . . . Slashing 15 | . . 8 7 Piercing . | . . . . Sneak Attacks 4 | . . 4 . Combat Hostiles . | . . . . Follow-up Attacks . | . . . . Damage Inflicted 2543 | 212 171 1036 1124 Guns 730 | 212 171 104 243 Cannons 292 | . . 124 168 Explosions 1137 | . . 471 666 Melee 370 | . . 337 33 Ramming 14 | . . . 14 Kinetic 248 | 137 70 41 . Thermal 774 | 75 101 187 411 Explosive 1137 | . . 471 666 Electromagnetic . | . . . . Impact . | . . . . Slashing 370 | . . 337 33 Piercing . | . . . . Highest Corruption . | . . . . Average Corruption . | . . . . Corruption Purged . | . . . . Corruption Blocked . | . . . . Overload Shots . | . . . . Overflow Damage 100 | . . 92 8 Projectiles 1 | . . 1 . Explosions 61 | . . 53 8 Melee 38 | . . 38 . Knockbacks . | . . . . Impact . | . . . . Kinetic . | . . . . Secondary . | . . . . Self-Inflicted Damage 88 | . . 62 26 Shots 4 | . . 3 1 Rammed . | . . . . Targets Rammed 7 | . . . 7 Kicked 7 | . . . 7 Crushed . | . . . . Highest Temperature 219 | 36 99 88 219 Average Temperature 30 | 16 34 26 47 Received Heat Transfer 1053 | . 87 57 909 Siege Activations . | . . . . Robots Corrupted . | . . . . Combat Hostiles . | . . . . Parts Fried . | . . . . Impact Corruptions . | . . . . Robots Melted 1 | . . . 1 Combat Hostiles 1 | . . . 1 Parts Melted 1 | . . . 1 Heat Transferred 1739 | 222 296 407 814 Parts Sabotaged . | . . . . Parts Stolen . | . . . . Parts Stripped . | . . . . Power Chain Reactions . | . . . . Alert | -11 -10 -9 -8 ------- Run | Yrd Mat Mat Mat Peak Influence 361 | 10 100 361 320 Initial 83 | . 6 42 83 Average 118 | 3 56 167 149 Maximum Alert Level 1 | . . 1 1 Low Security (%) 84 | 100 100 82 68 Level 1 15 | . . 17 31 Level 2 . | . . . . Level 3 . | . . . . Level 4 . | . . . . Level 5 . | . . . . High Security . | . . . . Max Security . | . . . . Squads Dispatched 5 | . 1 2 2 Investigation 2 | . . . 2 Extermination . | . . . . Reinforcement 3 | . 1 2 . Assault . | . . . . Garrison . | . . . . Intercept . | . . . . Searches Triggered . | . . . . Construction Impeded . | . . . . Haulers Reinforced . | . . . . Active Scanning Responses . | . . . . Cargo Convoy Interrupts . | . . . . Stealth | -11 -10 -9 -8 --------- Run | Yrd Mat Mat Mat Distress Signals 6 | . . 2 4 Communications Jammed . | . . . . Distress Signals . | . . . . Times Spotted 56 | . 4 16 36 Peak Tracking Total 16 | . 2 5 16 Tactical Retreats 7 | . 1 . 6 Traps | -11 -10 -9 -8 ------- Run | Yrd Mat Mat Mat Traps Triggered 2 | . . . 2 Indirectly . | . . . . Trap Hack Attempts . | . . . . Triggered . | . . . . Disarmed . | . . . . Reprogrammed . | . . . . Reused . | . . . . Traps Extracted . | . . . . Installed . | . . . . Triggered . | . . . . Machines | -11 -10 -9 -8 ---------- Run | Yrd Mat Mat Mat Machines Disabled 4 | . . 2 2 Max in Single Turn 1 | . . 1 1 Machines Repaired . | . . . . Machines Dismantled . | . . . . Machines Sabotaged . | . . . . Overloaded Fab Kills . | . . . . Hacking | -11 -10 -9 -8 --------- Run | Yrd Mat Mat Mat Machines Accessed 7 | . 1 4 2 Terminals 6 | . 1 3 2 Fabricators . | . . . . Repair Stations . | . . . . Recycling Units 1 | . . 1 . Scanalyzers . | . . . . Garrison Access . | . . . . Total Hacks 17 | . 1 11 5 Successful 8 | . 1 4 3 Failed 9 | . . 7 2 Catastrophic 2 | . . 2 . Database Lockouts . | . . . . Manual 12 | . 1 7 4 Terminals 15 | . 1 9 5 Fabricators . | . . . . Repair Stations . | . . . . Recycling Units 2 | . . 2 . Scanalyzers . | . . . . Garrison Access . | . . . . Terminal Hacks 2 | . . 1 1 Prototype ID Bank 1 | . . 1 . Terminal Index 1 | . . . 1 Fabricator Hacks . | . . . . Repair Station Hacks . | . . . . Recycling Unit Hacks 2 | . . 2 . Report Inventory 1 | . . 1 . Retrieve Components 1 | . . 1 . Scanalyzer . | . . . . Garrison Access Hacks . | . . . . Unauthorized Hacks 4 | . 1 1 2 Terminals 4 | . 1 1 2 Botnet 3 | . 1 1 1 Operators 1 | . . . 1 Fabricators . | . . . . Repair Stations . | . . . . Recycling Units . | . . . . Scanalyzers . | . . . . Garrison Access . | . . . . Data Cores Recovered . | . . . . Used . | . . . . Hacking Detections 6 | . 1 3 2 Full Trace Events . | . . . . Feedback Events . | . . . . Feedback Blocked . | . . . . Robot Schematics Acquired . | . . . . Robots Built . | . . . . Authchips . | . . . . Time . | . . . . Total Robot Build Rating . | . . . . Part Schematics Acquired . | . . . . Parts Built . | . . . . Authchips . | . . . . Time . | . . . . Total Part Build Rating . | . . . . Parts Repaired . | . . . . Time . | . . . . Parts Recycled . | . . . . Recycled Matter . | . . . . Retrieved Matter . | . . . . Retrieved Components 9 | . . 9 . Parts Scanalyzed . | . . . . Part Schematics Acquired . | . . . . Parts Damaged . | . . . . Bothacking | -11 -10 -9 -8 ------------ Run | Yrd Mat Mat Mat Used RIF Installer . | . . . . Robots Hacked . | . . . . Non-combat . | . . . . Combat . | . . . . Robot Hacks Applied . | . . . . Relay Couplers Released . | . . . . Fabnet Peak Effective % . | . . . . Robots Rewired . | . . . . Allies Hacked . | . . . . Hacks Repelled . | . . . . Allies | -11 -10 -9 -8 -------- Run | Yrd Mat Mat Mat Total Allies . | . . . . Largest Group . | . . . . Highest-Rated Group . | . . . . Highest-Rated Ally . | . . . . Total Orders . | . . . . Ally Attacks . | . . . . Total Damage . | . . . . Kills . | . . . . Allies Corrupted . | . . . . Allies Melted . | . . . . Intel | -11 -10 -9 -8 ------- Run | Yrd Mat Mat Mat Robot Analysis Total . | . . . . Derelict Logs Recovered . | . . . . Drone Launches . | . . . . Drone Recoveries . | . . . . Exploration | -11 -10 -9 -8 ------------- Run | Yrd Mat Mat Mat Turns Passed 1546 | 239 258 599 450 Spaces Moved 1031 | 146 178 412 295 Core 72 | 14 . . 58 Treads . | . . . . Legs 959 | 132 178 412 237 Wheels . | . . . . Hover . | . . . . Flight . | . . . . Fastest Speed 50 | 50 120 120 50 Average Speed 117 | 115 120 120 112 Slowest Speed 200 | 120 120 120 200 Overloaded Moves . | . . . . Propulsion Burnouts . | . . . . Robots Hopped . | . . . . Cave-ins Triggered . | . . . . Exploration Rate (%) 29 | 8 28 34 47 Regions Visited 3 Branch Regions . Pre-discovered Areas . | . . . . Known Exits Taken . | . . . . Unknown Exits Taken 3 | 1 1 1 . Scrap Searched . | . . . . Spaces Dug 8 | . . 2 6 Terrain Destroyed 66 | . . 39 27 Melee 8 | . . 2 6 Projectile . | . . . . AOE 58 | . . 37 21 Terrain Rammed . | . . . . Walls Destroyed . | . . . . Machines Disabled . | . . . . Actions | -11 -10 -9 -8 --------- Run | Yrd Mat Mat Mat Total 1234 | 184 205 474 371 Wait 42 | 13 10 2 17 Move 1028 | 145 177 411 295 Hop . | . . . . Pick Up 19 | 4 5 3 7 Fast Attach 20 | 6 1 7 6 Attach 8 | 1 . 3 4 Detach 3 | . . 3 . Swap 11 | . 1 4 6 Drop 15 | . 2 6 7 Fire 66 | 15 9 27 15 Melee 15 | . . 8 7 Ram . | . . . . Kick 7 | . . . 7 Crush . | . . . . Escape Stasis . | . . . . Rewire . | . . . . Trap . | . . . . Miscellaneous . | . . . . Route ------- -11/Scrapyard -10/Materials -9/Materials (discovered 2 exits: *Mat / [*Min]) -8/Materials History --------- Turn | Location | Event 6 | -11/Scrapyard | Discovered new exit (range 14) 240 | -11/Scrapyard | Entered Materials 303 | -10/Materials | Build established: Mutant 432 | -10/Materials | Discovered new exit (range 3) 498 | -10/Materials | Entered another Materials area 498 | -9/Materials | Evolved 2 slots: Utility x2 605 | -9/Materials | Lost 4 parts (1p1n2w) 843 | -9/Materials | Destroyed 7 combat bots 892 | -9/Materials | Discovered new exit (range 13) 953 | -9/Materials | Discovered new exit (range 7) 1097 | -9/Materials | Entered another Materials area 1097 | -8/Materials | Evolved 2 slots: Propulsion x2 1454 | -8/Materials | Core integrity fell below 50% 1478 | -8/Materials | Released all parts (1) 1498 | -8/Materials | Lost 10 parts (1p3n4u2w) 1515 | -8/Materials | Core integrity fell below 20% 1547 | -8/Materials | Destroyed by G-47 Trooper with Particle Gun Last Messages --------------- 01514_ Acquired Hrd. Medium Armor Plating. 01519_ W-25 Informer sends out distress signal. 01530_ Critical hit (Burn: +37). 01531_ Acquired Rocket Launcher. 01532_ Y-45 Defender destroyed. 01532_ Recycling Unit disabled. 01534_ U-05 Engineer builds a Wall. 01535_ Destroyed Imp. Hover Unit. 01535_ Material Compactor disabled. 01538_ S-10 Pest destroyed. 01538_ R-06 Scavenger destroyed. 01538_ G-47 Trooper destroyed. 01538_ W-25 Informer destroyed. 01538_ R-06 Scavenger destroyed. 01538_ S-10 Pest destroyed. 01540_ K-01 Serf collects debris. 01541_ U-05 Engineer builds a Wall. 01544_ Destroyed Lgt. Nuclear Core. 01545_ Adv. Beam Rifle destroyed. 01545_ Critical hit (Burn: +37). Map ----- +----------------------------------------------------+ | ??# "T [#???????????????????????????????????????? | | ??# "" #???????????????????????????????????????? | | ??# #???????????????????????????????????????? | | ????! !????????##??????????????????????????????? | | ######+####### ##+????????????????????????????? | | * #?????????????????????????? | | !% #?????????????????????????? | | ####### ##### ##?????????????????????????????? | | #????# #????????#??????????????????????????????? | | #????# #???????????????????????????????????????? | | #????# #???????####????????????????????????????? | | #???## ##???? #????????????????????????????? | | ##### #?? #????????????????????????????? | | + # #????????????????????????????? | | ###### T + =#????????????????????????????? | | ?????# # #????????????????????????????? | | ?????### ##?? #????????????????????????????? | | ???????# #????? #????????????????????????????? | | ???????# #?????? ##???????????????????????????? | | ???????# #?????#+#### ######?????????????????????? | | ???????# ####### ## ! #?????????????????????? | | ######?# ##"""## ## = #?????????????????????? | | # ##"T"## ## #????o????????????????? | | # #!!! #?????????????????????? | | + #!! #?????????????????????? | | # #!! @ #?????????????????????? | | ### # !! #????????????????????? | | ???# ! # "Y %[ #????????????????????? | | ######???# ! # "*=*== ##????????????????????? | | ???????### ##b %% % ## #??????????????? | | ???????# / [Y Y=%%g ! #??????????????? | | ? %[ m #??????????????? | | ?####### "" ! #??????????????? | | ???????### ######### g """ #??????????????? | | ?????????# ????????## """"??????????????????? | | ?????????# ????????? g """"??????????????????? | | ?????????# ????????? u """???????????????????? | | ?????????# ???????? s ???????????????????? | | ?????????# ???????? ???????????????????? | | ??????????+?????????? ?????????????????? | | ????????????????????? ?????????????????? | | ???????????????????? #####+?????????????????? | | ???????????????????? #??????????????????????? | | #???????????????????? #??????????????????????? | | #???????????????????? #??????????????????????? | | ##??????????????????? ???????????????????????? | | #####??????????###### ????????????????????????? | | #####??????????###### ????????????????????????? | | ?????????? ?????????????????????????? | | ?????????? ??????????????????????????? | +----------------------------------------------------+ Best States ------------- Heat Dissipation 53 Energy Generation 14 Energy Capacity 250 Matter Stores 300 Matter Capacity 300 Sight Range 16 Terrain Scan Range 16 Terrain Scan Density 10 Additional Mass Support 6 Armor Coverage 225 Evasion (%) 55 Particle Charging 15 Offensive Hacking 10 Item Schematics ----------------- None Robot Schematics ------------------ None Fabricated ------------ Nothing Alien Tech Used ----------------- None Achievements -------------- None Challenges ------------ None Game ------ Seed SmallThunderPropulsion Manual? 0 Play Time 00:25:06 Cumulative 88.5 hours Start 2024.09.28 @ 17:42:19 End 2024.09.30 @ 13:49:30 Sessions 3 Manual Loads 0 Difficulty Rogue Special Mode None Game No. 117 Rogue 117 Adventurer 0 Explorer 0 Win Type - Total 0 Types 0/0/0/0/0/0/0/0/0 Lore% 38 Gallery% 39 Achievement% 39 Wizard Run 0 Options --------- Layout 0 ASCII 0 Keyboard 0 Movement Arrows Keybinds 0 Fullscreen 1 Font 20/SmallcapsGlow Map View 66x50 Zoom Use 0% Tactical HUD 1 Map Filters NONE Filters NONE Steam 1 RUN: 6d24839f-a731-4ac0-a73c-97558374afb7